AoeStats
← MeowMe

Arena

507448756Analyzed
4v4 RM · 13d ago on Sep 18, 2026· 46m 26s· 8 players
Game mode
Random Map
Map size
Large (8 player)
Population
200
Speed
Normal
Resources
Standard
Victory
Conquest
Starting age
Dark Age
Ending age
Imperial Age
RankedLock teamsTeams togetherTeam positionsShared explorationLock speedFull tech treeHidden civsTurbo modeCheats
Victory
Defeat
🇹🇼 Magyars · Taiwan
1592
+12
🇳🇱 Britons · Netherlands
1578
+12
🇨🇳 Ethiopians · China
1443
+18
🇮🇳 Persians · India
1396
+19
🇧🇾 Burmese · Belarus
1526
-17
🇪🇸 Dravidians · Spain
1518
-17
🇷🇺 Italians · Russia
1458
-14
🇬🇪 Slavs · Georgia
1437
-13
OLADUSHEK
10:53 Feudal Age
10:08 Loom
14:27 Castle Age
12:21 Horse Collar
15:11 Heavy Plow
15:03 Gold Mining
17:23 Padded Archer Armor
17:33 Town Watch
21:57 Wheelbarrow
23:05 Fletching
31:01 Hand Cart
34:54 Imperial Age
33:00 Gold Shaft Mining
32:16 Stone Mining
35:18 Imperial Age
32:59 Scale Barding Armor
33:04 Forging
34:16 Chain Barding Armor
34:00 Manipur Cavalry
35:06 Bloodlines
34:57 Husbandry
36:20 Iron Casting
35:29 Elite Battle Elephant
36:30 Conscription
37:22 Plate Barding Armor
37:14 Howdah
38:28 Blast Furnace
40:28 Devotion
41:17 Crop Rotation
43:08 Bodkin Arrow
46:21 Masonry
jwinnfield.trash
11:39 Feudal Age
12:35 Double-Bit Axe
12:52 Horse Collar
15:27 Castle Age
16:37 Bow Saw
17:41 Heavy Plow
21:25 Wheelbarrow
22:35 Hand Cart
22:15 Loom
22:22 Town Watch
23:46 Gold Mining
27:52 Imperial Age
25:28 Fletching
26:09 Ballistics
26:26 Bodkin Arrow
28:35 Bracer
29:37 Chemistry
28:46 Padded Archer Armor
28:27 Elite Elephant Archer
29:43 Conscription
30:41 Chemistry
29:48 Thumb Ring
30:19 Leather Archer Armor
30:05 Man-at-Arms
30:51 Squires
31:02 Scale Mail Armor
30:47 Long Swordsman
31:18 Gambesons
31:05 Pikeman
31:36 Two-Handed Swordsman
32:32 Chain Mail Armor
31:43 Halberdier
33:59 Plate Mail Armor
37:42 Forging
38:03 Ring Archer Armor
38:34 Champion
39:38 Wootz Steel
39:56 Iron Casting
40:19 Hoardings
39:51 Medical Corps
41:10 Coinage
42:13 Blast Furnace
41:24 Arson
43:22 Masonry
43:23 Fortified Wall
45:07 Elite Skirmisher
SiraZaika
10:02 Feudal Age
14:23 Castle Age
12:31 Double-Bit Axe
12:58 Horse Collar
15:04 Town Watch
18:26 Wheelbarrow
21:32 Bow Saw
23:27 Heavy Plow
23:41 Loom
24:20 Hand Cart
28:01 Imperial Age
25:45 Fletching
25:58 Padded Archer Armor
26:23 Bodkin Arrow
27:23 Ballistics
26:52 Elite Skirmisher
28:53 Leather Archer Armor
28:44 Bracer
29:52 Chemistry
29:19 Gold Mining
30:09 Ring Archer Armor
29:44 Scale Mail Armor
32:50 Chain Mail Armor
32:52 Scale Barding Armor
34:05 Plate Mail Armor
33:45 Forging
35:40 Pikeman
36:44 Fortified Wall
39:37 Sanctity
39:28 Fervor
40:33 Block Printing
41:47 Iron Casting
43:29 Blast Furnace
45:00 Conscription
44:25 Elite Genoese Crossbowman
MeowMe
12:39 Feudal Age
16:49 Castle Age
14:51 Double-Bit Axe
14:54 Horse Collar
18:00 Bow Saw
17:48 Loom
17:52 Town Watch
19:47 Wheelbarrow
20:09 Heavy Plow
20:26 Husbandry
21:38 Gold Mining
22:35 Scale Barding Armor
24:25 Gold Shaft Mining
25:14 Chain Barding Armor
25:57 Hand Cart
26:55 Bloodlines
27:23 Town Patrol
28:47 Stone Mining
30:34 Forging
31:54 Coinage
35:09 Imperial Age
33:34 Iron Casting
32:49 Fletching
33:00 Scale Mail Armor
34:11 Fortified Wall
35:10 Light Cavalry
37:17 Conscription
37:11 Caravan
37:29 Chain Mail Armor
38:15 Blast Furnace
39:16 Plate Barding Armor
39:11 Detinets
38:41 Heavy Scorpion
39:30 Siege Engineers
39:53 Ballistics
40:33 Chemistry
40:23 Murder Holes
40:40 Masonry
41:23 Crop Rotation
42:44 Pikeman
43:26 Squires
43:23 Halberdier
45:12 Plate Mail Armor
45:32 Capped Ram
Tee
13:40 Feudal Age
14:33 Double-Bit Axe
14:29 Horse Collar
17:37 Castle Age
16:52 Wheelbarrow
18:30 Bow Saw
18:37 Heavy Plow
22:18 Loom
23:53 Stone Mining
24:33 Gold Mining
25:55 Stone Shaft Mining
26:46 Gold Shaft Mining
30:26 Imperial Age
28:40 Forging
28:36 Scale Barding Armor
29:35 Hand Cart
29:05 Town Watch
29:58 Iron Casting
29:44 Husbandry
29:56 Bloodlines
30:09 Elite War Elephant
31:55 Blast Furnace
31:25 Chain Barding Armor
31:44 Fletching
34:38 Plate Barding Armor
33:59 Bodkin Arrow
bommietommie
5:11 Loom
10:56 Feudal Age
14:50 Castle Age
12:51 Double-Bit Axe
13:05 Horse Collar
16:28 Bow Saw
16:23 Heavy Plow
24:43 Fletching
37:41 Wheelbarrow
38:12 Wheelbarrow
42:14 Stone Mining
42:32 Squires
46:15 Imperial Age
43:19 Pikeman
45:07 Scale Mail Armor
45:32 Arson
46:01 Forging
46:19 Halberdier
47:16 Chain Mail Armor
咖啡冷靜啲
10:50 Feudal Age
14:38 Castle Age
12:48 Horse Collar
13:14 Double-Bit Axe
16:07 Bow Saw
16:02 Heavy Plow
22:08 Wheelbarrow
24:59 Fletching
25:23 Gold Mining
26:00 Hand Cart
25:37 Loom
25:56 Husbandry
26:48 Bloodlines
27:01 Bodkin Arrow
27:43 Thumb Ring
30:24 Imperial Age
29:50 Ballistics
30:14 Gold Shaft Mining
29:30 Stone Mining
30:16 Padded Archer Armor
31:07 Bracer
32:10 Chemistry
31:17 Town Watch
32:08 Parthian Tactics
31:05 Heavy Cavalry Archer
33:29 Leather Archer Armor
34:06 Conscription
33:46 Recurve Bow
35:48 Ring Archer Armor
36:00 Hoardings
35:29 Corvinian Army
36:15 Scale Barding Armor
35:48 Elite Magyar Huszar
37:08 Crop Rotation
37:40 Two-Man Saw
37:21 Masonry
37:35 Siege Engineers
39:50 Murder Holes
41:27 Chain Barding Armor
43:25 Town Patrol
825889483
10:37 Feudal Age
11:27 Double-Bit Axe
14:18 Castle Age
12:04 Horse Collar
15:37 Loom
17:39 Town Watch
26:22 Imperial Age
24:24 Bow Saw
24:50 Gold Mining
25:09 Padded Archer Armor
25:31 Fletching
25:19 Elite Skirmisher
26:08 Thumb Ring
26:36 Ballistics
27:14 Leather Archer Armor
26:55 Bodkin Arrow
28:16 Chemistry
28:39 Gold Shaft Mining
28:37 Leather Archer Armor
28:57 Conscription
29:06 Bracer
29:27 Heavy Plow
31:02 Ring Archer Armor
32:20 Crossbowman
34:30 Wheelbarrow
37:03 Arbalester
Connection lost

Rejoining the realm…

Still unreachable

The connection could not be restored.

Session expired

The server has moved on; the page needs a fresh start.